cohdb
Replays
Latest Replays
All Replays
Popular Replays
Top Player Replays
Match Explorer
How It Works
Community
CoH3 Stats
Reddit
Sign in to upload your games and track your stats! →
Sign in with Steam
Match 41529032
Unlisted
Match 41529032
Overview
Messages
Build Orders
End
Kettenkrad Recon Vehicle
Construct Infanterie Kompanie
MG 42 Machine Gun Team
Selects Breakthrough Battlegroup
Selects Assault Grenadiers
Grenadier Squad
GrW 34 Mortar Team
Infanterie Officer Quarters
Grenadier Squad
Construct Luftwaffe Kompanie
Selects 2.5-tonne Cargo Truck
Jäger Squad
Support Elements
Marder III M Tank Destroyer
Jäger Squad
Royally EbRoY
Master of faster
[PD]Folscher
Apache
0
0
Comments
sign in to comment!
No comments posted yet!